 Dungeon Crawl Stone Soup version 0.30-a0-867-g305f33218d (webtiles) character file.

Game seed: 636125667993134577

9261 NinjaNoafa the Carver (level 11, -8/85 HPs)
             Began as a Merfolk Gladiator on Mar 10, 2023.
             Was a Believer of Hepliaklqana.
             Engulfed by a cloud of flame (16 damage)
             ... in a volcano.
             The game lasted 00:22:30 (9181 turns).

NinjaNoafa the Carver (Merfolk Gladiator)           Turns: 9181, Time: 00:22:30

Health: -8/85      AC:  5    Str: 15    XL:     11   Next: 43%
Magic:  11/11      EV: 23    Int:  7    God:    Hepliaklqana [**....]
Gold:   183        SH:  0    Dex: 26    Spells: 10/10 levels left

rFire   . . .      SeeInvis .    a - +7 scimitar (freeze)
rCold   . . .      Faith    .    (no shield)
rNeg    . . .      Spirit   .    b - +0 leather armour
rPois   +          Reflect  .    c - +0 helmet
rElec   .          Rampage  .    (no cloak)
rCorr   .                        C - +0 pair of gloves
Will    .....                    (no boots)
Stlth   ++                       (no amulet)
HPRegen 0.34/turn                g - ring of poison resistance
MPRegen 0.12/turn                u - +6 ring of dexterity

@: no status effects
A: reduced essence, (nimble swimmer 2), mertail
a: Renounce Religion, Recall Ancestor, Ancestor Identity


You were in a volcano.
You worshipped Hepliaklqana.
Hepliaklqana was pleased with you.
You visited 3 branches of the dungeon, and saw 11 of its levels.
You also visited: Sewer and Volcano.

You collected 521 gold pieces.
You spent 338 gold pieces at shops.

Inventory:

Hand Weapons
 a - a +7 scimitar of freezing (weapon)
Missiles
 d - 4 throwing nets (quivered)
 m - 50 poisoned darts
 z - 5 curare-tipped darts
 I - 3 boomerangs
Armour
 b - a +0 leather armour (worn)
 c - a +0 helmet (worn)
 C - a +0 pair of gloves (worn)
Jewellery
 g - a ring of poison resistance (left hand)
 k - a ring of flight
 u - a +6 ring of dexterity (right hand)
 G - a ring of willpower
Wands
 l - a wand of polymorph (10)
 s - a wand of digging (5)
 v - a wand of iceblast (9)
 A - a wand of paralysis (1)
Scrolls
 f - a scroll of acquirement {unknown}
 i - 3 scrolls of teleportation
 n - a scroll of blinking {unknown}
 o - 3 scrolls of fear {unknown}
 r - 4 scrolls of vulnerability
 y - 2 scrolls of fog {unknown}
 E - a scroll of enchant armour {unknown}
 F - a scroll of noise {unknown}
 H - a scroll of immolation {unknown}
Potions
 e - a potion of magic {unknown}
 h - 2 potions of cancellation
 j - 2 potions of lignification
 p - 3 potions of brilliance
 q - a potion of heal wounds
 t - a potion of attraction {unknown}
 w - 4 potions of curing
 x - a potion of ambrosia
 B - a potion of might {unknown}
 D - 2 potions of degeneration {unknown}
 J - 2 potions of haste {unknown}
 K - a potion of flight {unknown}


   Skills:
 - Level 12.0 Fighting
 + Level 13.4 Long Blades
 - Level 2.0 Throwing
 - Level 12.0 Dodging


You had 10 spell levels left.
You didn't know any spells.
Your spell library contained the following spells:

 Spells                   Type           Power      Damage    Failure   Level
 Foxfire                  Conj/Fire      0%         2x1d4     50%         1
 Ignite Poison            Fire/Tmut/Pois 0%         N/A       86%         3
 Kindle Blastsparks       Fire/Tloc/Air  0%         2d10      86%         3
 Passage of Golubria      Tloc           0%         N/A       99%         4
 Fireball                 Conj/Fire      0%         3d3       100%        5
 Freezing Cloud           Conj/Ice/Air   0%         6-21      100%        5
 Silence                  Hex/Air        0%         N/A       100%        5
 Simulacrum               Ice/Necr       0%         N/A       100%        6
 Starburst                Conj/Fire      0%         6d3       100%        6
 Lehudib's Crystal Spear  Conj/Erth      0%         10d2      100%        8
 Polar Vortex             Ice            0%         N/A       100%        9


Dungeon Overview and Level Annotations

Branches:
Dungeon (9/15)             Temple (1/1) D:6            Lair (1/5) D:9
  Sewer (visited)         Volcano (1/1)
    Orc: D:9-12

Altars:
Ashenzari
Cheibriados
Elyvilon
Gozag
Hepliaklqana
Kikubaaqudgha
Makhleb
Nemelex Xobeh
Okawaru
Qazlal
Ru
Sif Muna
Trog
Vehumet
Wu Jian
Xom
Yredelemnul
Zin
The Shining One

Shops:
D:2 (   D:3 ?


Innate Abilities, Weirdness & Mutations

Your life essence is reduced to manifest your ancestor. (-10% HP)
((You are very nimble when in or above water. (Stealth+, EV+, Speed+++)))
Your lower body shifts to a powerful aquatic tail in water.


Message History

The puff of frost hits the fire bat!
The fire bat is frozen!
The fire bat barely misses Your mom.
Your mom closely misses the fire bat.
Your mom barely misses the fire bat.
The fire bat bites Your mom.
Your mom is engulfed in flames.
Your mom resists.
The fire bat bites Your mom.
Your mom is engulfed in flames.
Your mom resists.
Your mom hits the fire bat with a +0 quarterstaff!
The fire bat dies!
Training target 12.0 for Fighting reached!
Your Fighting skill increases to level 12!
A fire bat comes into view.
You swap places.
The fire bat moves out of view.
What are your orders? t - Shout!
Orders for allies: a - Attack new target. r - Retreat! s - Stop attacking. g - Guard the area. f - Follow me.
Anything else - Cancel.
Gang up on whom?
Press: ? - help, Dir - move target, f - fire bat
Aim: a fire bat (lava, ally target) Attack!
Your mom barely misses the fire bat.
The fire bat completely misses you.
Your mom misses the fire bat. The fire bat completely misses you.
You slash the fire bat! You freeze the fire bat!
You kill the fire bat!
Number of times to repeat, then command key: 50 Enter command to be repeated: Command repetition interrupted.
The air gets thick with the scent of sulphur.
The volcano roars to life, belching forth lava!
You are engulfed in blazing flames.
* * * LOW HITPOINT WARNING * * *
Your mom is engulfed in blazing flames.
You are engulfed in blazing flames.
* * * LOW HITPOINT WARNING * * *
Your mom is engulfed in blazing flames.
You are engulfed in blazing flames.
You die...

####### ## ## ####..#.#.
.#○○##. ##.°.......
..°.°..#######○○○.......
..○.☼○°°°○#○°°°.○.......
≈°°○○°○@°R○.○°○≈°.§.≈...
≈°≈○○§§.°○○○○°≈°○≈§≈≈≈≈≈
≈≈≈≈§§≈≈§.°○≈○○○○≈≈§≈§§≈
≈≈≈≈§≈§§☼○○≈°○○°☼≈≈§§≈§§
≈ §≈§§°§≈≈≈°○○≈°≈≈≈≈§§§
≈§≈§○≈≈°≈≈≈≈°°○≈≈§≈≈☼≈
.≈§§§○§≈.≈°°≈○○°≈≈§≈≈≈≈
....§.....°.○○≈°≈≈§≈≈≈≈
####### .§≈ ≈§≈


You could see the friendly Your mom the battlemage.

Vanquished Creatures
  A two-headed ogre (D:9)
  Nergalle (Lair:1)
  An ugly thing (D:7)
  A komodo dragon (Lair:1)
  A rime drake (Lair:1)
  Psyche (D:9)
  A troll (D:9)
  Grinder (D:3)
  Prince Ribbit (D:5)
  4 blink frogs (Lair:1)
  A wyvern (D:4)
  A basilisk (D:9)
  A fire bat (Volcano)
  3 water moccasins
  Duvessa (D:7)
  2 sky beasts (D:7)
  3 ice beasts
  An orc warrior (D:8)
  3 black bears (D:9)
  A centaur (D:9)
  A phantom (D:4)
  9 kobold brigands
  4 scorpions
  3 bullfrogs
  Dowan (D:7)
  18 killer bees
  3 howler monkeys (D:9)
  2 lava snakes (Volcano)
  7 hounds
  3 jellies
  2 quasits (D:6)
  2 gnoll boudas (D:6)
  5 orc priests
  4 sleepcaps
  5 iguanas
  Ijyb (D:2)
  Terence (D:3)
  7 orc wizards
  12 gnolls
  14 adders
  3 river rats
  3 shadow imps
  4 white imps (D:6)
  3 ufetubi
  6 worms
  A dart slug (D:2)
  24 orcs
  6 endoplasms
  6 giant cockroaches
  14 goblins
  10 hobgoblins
  4 quokkas
  9 ball pythons
  6 bats
  2 frilled lizards (D:1)
  20 kobolds
  10 rats
265 creatures vanquished.

Vanquished Creatures (collateral kills)
  A fire bat (Volcano)
  A killer bee (D:8)
  A lava snake (Volcano)
  An orc (D:8)
  2 kobolds (D:8)
6 creatures vanquished.

Vanquished Creatures (others)
  An ogre (D:6)
  A hound (D:6)
  An ancestor (D:9)
  A demonic plant (D:6)
  2 fungi
  16 plants
22 creatures vanquished.

Grand Total: 293 creatures vanquished

Notes
Turn   | Place    | Note
-------+----------+-------------------------------------------
     0 | D:1      | NinjaNoafa the Merfolk Gladiator began the quest for the
                  | Orb.
     0 | D:1      | Reached XP level 1. HP: 16/16 MP: 1/1
   347 | D:1      | Reached XP level 2. HP: 23/23 MP: 2/2
   410 | D:1      | Reached skill level 4 in Long Blades
   700 | D:2      | Reached XP level 3. HP: 27/28 MP: 3/3
   718 | D:2      | Found Wuuwk's Antique Weapon Shoppe.
  1058 | D:2      | Found an opulent altar of Gozag.
  1156 | D:2      | Reached skill level 5 in Dodging
  1156 | D:2      | Reached XP level 4. HP: 29/35 MP: 4/4
  1301 | D:2      | Noticed Ijyb
  1353 | D:2      | Killed Ijyb
  1739 | D:3      | Found Ybilen's Magic Scroll Emporium.
  1759 | D:3      | Bought a scroll of identify for 22 gold pieces
  1761 | D:3      | Bought a scroll of identify for 22 gold pieces
  1761 | D:3      | Bought a scroll of identify for 22 gold pieces
  1808 | D:3      | Reached XP level 5. HP: 26/42 MP: 5/5
  1950 | D:3      | Reached skill level 5 in Long Blades
  1973 | D:3      | Noticed Grinder
  1992 | D:3      | Killed Grinder
  1993 | D:3      | Reached XP level 6. HP: 26/50 MP: 6/6
  2049 | D:3      | Found a glowing drain.
  2065 | Sewer    | Entered a sewer
  2154 | Sewer    | Reached skill level 6 in Long Blades
  2227 | Sewer    | Reached skill level 5 in Fighting
  2227 | Sewer    | Reached XP level 7. HP: 43/56 MP: 7/7
  2875 | Sewer    | Reached skill level 7 in Long Blades
  2875 | Sewer    | Reached XP level 8. HP: 52/64 MP: 8/8
  3004 | D:3      | Noticed Terence
  3021 | D:3      | Killed Terence
  3349 | D:3      | Found a faded altar of an unknown god.
  3852 | D:4      | Noticed a wyvern
  3868 | D:4      | Killed a wyvern
  3949 | D:2      | Bought a runed scimitar for 168 gold pieces
  4214 | D:4      | Identified the +2 robe of Nyloisai {+Inv rElec Will- Str-4}
  4632 | D:5      | Entered Level 5 of the Dungeon
  4658 | D:5      | Reached skill level 8 in Long Blades
  4707 | D:5      | Found a burning altar of Makhleb.
  4853 | D:5      | Reached XP level 9. HP: 67/72 MP: 9/9
  4971 | D:5      | Found a white marble altar of Elyvilon.
  5086 | D:5      | Noticed Prince Ribbit
  5096 | D:5      | Killed Prince Ribbit
  5279 | D:5      | Found a shimmering blue altar of Sif Muna.
  5307 | D:6      | Reached skill level 9 in Long Blades
  5315 | D:6      | Reached skill level 10 in Dodging
  5368 | D:6      | Found a staircase to the Ecumenical Temple.
  5391 | Temple   | Entered the Ecumenical Temple
  5411 | Temple   | Became a worshipper of Hepliaklqana the Forgotten
  5680 | D:6      | Noticed a green ugly thing
  5683 | D:6      | Found a shimmering altar of Xom.
  5724 | D:7      | Killed a green ugly thing
  5874 | D:6      | Reached skill level 10 in Long Blades
  6099 | D:6      | Reached XP level 10. HP: 83/83 MP: 10/10
  6160 | D:3      | Bought a scroll of brand weapon for 104 gold pieces
  6513 | D:7      | Found a glowing golden altar of the Shining One.
  6804 | D:7      | Found an ancient bone altar of Kikubaaqudgha.
  6834 | D:7      | Noticed Duvessa
  6835 | D:7      | Noticed Dowan
  6847 | D:7      | Killed Duvessa
  6855 | D:7      | Killed Dowan
  7618 | D:8      | Reached * piety under Hepliaklqana
  7630 | D:8      | Reached skill level 11 in Long Blades
  7695 | D:8      | Reached skill level 10 in Fighting
  8343 | D:9      | Noticed a two-headed ogre
  8350 | D:9      | Killed a two-headed ogre
  8523 | D:9      | Reached skill level 12 in Long Blades
  8554 | D:9      | Noticed Psyche
  8569 | D:9      | Reached XP level 11. HP: 66/83 MP: 11/11
  8583 | D:9      | Killed Psyche
  8606 | D:9      | Found a staircase to the Lair.
  8612 | Lair:1   | Entered Level 1 of the Lair of Beasts
  8897 | Lair:1   | Reached skill level 13 in Long Blades
  8949 | Lair:1   | Noticed Nergalle
  8957 | Lair:1   | Killed Nergalle
  8978 | Lair:1   | Found a dark tunnel.
  8983 | Volcano  | Entered a volcano
  8988 | Volcano  | Reached ** piety under Hepliaklqana
  8994 | Volcano  | Remembered your ancestor Your mom as a battlemage
  9181 | Volcano  | Engulfed by a cloud of flame

Illustrated notes

Levels and vault maps discovered:
D:1:      heliophobic_arrival_battle_scene, layout_loops_ring
D:2:      kennysheep_the_goblin_king, layout_loops_ring, basic_altar,
          serial_shops, shop, bh_walls_and_bars
D:3:      cheibrodos_thug_alley, layout_rooms, shapermc_ecumenical_altar_petra,
          serial_shops, shop, lightli_sewer_entry_pipes, minmay_cupped,
          uniq_grinder, uniq_terence
D:4:      layout_basic
D:5:      layout_cave_pools, mainiacjoe_overflow_cross_hatched, tgw_sif,
          mainiacjoe_overflow_small_starburst, nicolae_elevator_lobby_asterisk,
          uniq_prince_ribbit1
D:6:      layout_layer_cave, xom_confusion_cloud, minmay_temple_entry_tees,
          serial_demonic, serial_demonic_a, serial_demonic_b, serial_demonic_c,
          serial_demonic_a, serial_demonic_g
D:7:      layout_loops_cross, tso_metal_star,
          nicolae_kikubaaqudgha_miasma_corner, uniq_duvessa
D:8:      layout_basic, hangedman_decor_opposing
D:9:      layout_rooms, minmay_lair_entry_grove, special_room
          [special_room_orc], uniq_psyche
Temple:   dshaligram_water_room_temple
Lair:1:   layout_cave_pods, enter_volcano_4, portal_ice_cave_entry_pillars_1,
          chequers_serial_rivers_micro_c, chequers_serial_rivers_small_b,
          beast_lair_carwin_9, serial_bayou_shore_b, uniq_nergalle, uniq_grum
Volcano:  volcano_lake [vl_original]

Skill      XL: |  1  2  3  4  5  6  7  8  9 10 11 |
---------------+----------------------------------+-----
Long Blades    | 4 5 6 7 8 10 12 13 | 13.4
Fighting       | 3 4 5 6 7 9 11 12 | 12.0
Dodging        | 5 6 7 9 11 12 | 12.0
Throwing       | |  2.0

Action                     |  1- 3 |  4- 6 |  7- 9 | 10-12 || total
---------------------------+-------+-------+-------+-------++-------
  Melee: Long sword        |    85 |   122 |   173 |       ||   380
         Unarmed           |       |    39 |       |       ||    39
         Punch             |       |     2 |     5 |     5 ||    12
         Tailslap          |       |     4 |    10 |       ||    14
         Scimitar          |       |       |   171 |   249 ||   420
  Throw: Javelin           |       |     1 |     1 |     1 ||     3
 Invoke: Recall Ancestor   |       |       |       |     3 ||     3
         Ancestor Identity |       |       |       |     1 ||     1
         Ancestor Life: Ba |       |       |       |     1 ||     1
  Evoke: Wand              |       |     2 |       |     1 ||     3
    Use: Scroll            |       |     4 |     3 |     8 ||    15
         Potion            |       |     3 |       |     3 ||     6
   Stab: Sleeping          |     3 |     1 |     5 |     1 ||    10
         Distracted        |       |       |     1 |       ||     1
 Armour: Leather armour    |    28 |    28 |    43 |    34 ||   133
         Skin              |       |    33 |       |       ||    33
  Dodge: Dodged            |    59 |   115 |   319 |   281 ||   774

Table legend: (Time is in decaauts)
 A = Elapsed time spent in this place.
 B = Non-inter-level travel time spent in this place.
 C = Inter-level travel time spent in this place.
 D = Time resting spent in this place.
 E = Time spent auto-exploring this place.
 F = Levels seen in this place.
 G = Mean time per level.
                   A        B        C        D        E       F      G
               +--------+--------+--------+--------+--------+-----+--------+
         Total |   8985 |   8414 |    571 |     27 |   5363 |  13 |  691.2 |
       Dungeon |   7582 |   7039 |    543 |     11 |   4638 |   9 |  842.4 |
        Temple |    117 |     89 |     28 |      0 |     60 |   1 |  117.0 |
          Lair |    364 |    364 |      0 |     16 |    143 |   1 |  364.0 |
         Sewer |    724 |    724 |      0 |      0 |    522 |   1 |  724.0 |
       Volcano |    196 |    196 |      0 |      0 |      0 |   1 |  196.0 |
               +--------+--------+--------+--------+--------+-----+--------+

Top non-repeatable levels by time:
     D:2: 1104 daAuts
     D:4: 1054 daAuts
     D:8: 989 daAuts
     D:3: 987 daAuts
     D:7: 875 daAuts
     D:6: 815 daAuts
     D:5: 738 daAuts
   Sewer: 724 daAuts
     D:1: 703 daAuts
  Lair:1: 364 daAuts
     D:9: 312 daAuts
 Volcano: 196 daAuts
  Temple: 117 daAuts
